 Dungeon Crawl Stone Soup version 0.21-a0-338-g36cf2fc (webtiles) character file.

395 Hasart the Magician (level 7, 0/36 HPs)
             Began as a Kobold Wizard on Oct 4, 2017.
             Was an Initiate of Ashenzari.
             Killed from afar by an orc wizard (9 damage)
             ... with a puff of frost
             ... on level 4 of the Dungeon.
             The game lasted 00:07:48 (4205 turns).

Hasart the Magician (Kobold Wizard)                 Turns: 4205, Time: 00:07:48

Health: 0/36       AC:  3    Str:  2 (4)  XL:     7   Next: 9%
Magic:  3/23       EV: 15    Int: 19 (21) God:    Ashenzari [......]
Gold:   92         SH:  0    Dex: 13 (16) Spells: 7/15 levels left

rFire    . . .     SeeInvis .   i - +2 dagger (venom)
rCold    . . .     Gourm    .   (shield restricted)
rNeg     . . .     Faith    .   a - +0 robe
rPois    .         Spirit   .   b - +0 hat
rElec    .         Reflect  .   (no cloak)
rCorr    .         Harm     .   (no gloves)
MR       .....                  n - +0 pair of boots
Stlth    ++........             (no amulet)
HPRegen  0.12/turn              g - ring of magical power (curse)
MPRegen  0.18/turn              h - +2 ring of dexterity

@: very slightly contaminated
A: carnivore 3
a: Curse Item, Renounce Religion


You were on level 4 of the Dungeon.
You worshipped Ashenzari.
Ashenzari was noncommittal.
You were very full.

You visited 1 branch of the dungeon, and saw 4 of its levels.

You collected 92 gold pieces.

Inventory:

Hand Weapons
 i - a +2 dagger of venom (weapon)
 v - a +0 morningstar of flaming
Missiles
 m - a throwing net (quivered)
Armour
 a - a +0 robe (worn)
 b - a +0 hat (worn)
 n - a +0 pair of boots (worn)
Jewellery
 g - a cursed ring of magical power (left hand)
 h - a +2 ring of dexterity (right hand)
Scrolls
 f - a scroll of fog {unknown}
 j - a scroll of fear {unknown}
 k - 2 scrolls of blinking {unknown}
 l - a scroll of magic mapping {unknown}
 o - 4 scrolls of identify {unknown}
 p - 2 scrolls of teleportation {unknown}
 s - a scroll of enchant weapon {unknown}
 t - a scroll of amnesia {unknown}
Potions
 e - a potion of degeneration
 q - a potion of heal wounds
 r - a potion of magic {unknown}
 w - a potion of flight {unknown}
Books
 c - a book of Minor Magic

   Spells                             Type                      Level
   a - Magic Dart                     Conjuration                  1
   b - Blink                          Translocation                2
   c - Call Imp                       Summoning                    2
   d - Slow                           Hexes                        2
   e - Conjure Flame                  Conjuration/Fire             3
   f - Mephitic Cloud                 Conjuration/Poison/Air       3
Comestibles
 d - 3 meat rations


   Skills:
 - Level 2.4 Dodging
 - Level 2.6 Stealth
 + Level 4.7 Spellcasting
 + Level 3.6 Conjurations
 * Level 4.5 Summonings
 - Level 1.0 Translocations


You had 7 spell levels left.
You knew the following spells:

 Your Spells              Type           Power        Failure   Level  Hunger
a - Magic Dart            Conj           ###.         2%          1    None
b - Blink                 Tloc           N/A          13%         2    #......
c - Call Imp              Summ           ###.....     3%          2    #......
d - Mephitic Cloud        Conj/Pois/Air  #.......     24%         3    ###....


Dungeon Overview and Level Annotations

Branches:
Dungeon (4/15)
 Temple: D:4-7

Altars:
Ashenzari


Innate Abilities, Weirdness & Mutations

You are small and have problems with some larger weapons.
You are carnivorous and can eat meat at any time.


Message History

You see here an uncursed mace.
The orc wizard mumbles some strange words.
The orc wizard flickers and vanishes!
Deactivating autopickup; reactivate with Ctrl-A.
The orc throws a tomahawk of returning.
The tomahawk of returning closely misses you.
The weapon returns to the orc!
The orc throws a tomahawk of returning.
The tomahawk of returning hits you.
* * * LOW HITPOINT WARNING * * *
The weapon returns to the orc!
You hear some strange, mumbled words.
A puff of flame appears from out of thin air!
The puff of flame misses you.
The orc throws a tomahawk of returning.
The tomahawk of returning hits you but does no damage.
The weapon returns to the orc!
You hear some strange, mumbled words.
A puff of frost appears from out of thin air!
The puff of frost hits you!
You die...

#........#.#......#....######
##########.#####..#..........
#.....#......#........#(
#.#####.###.##o.......#.
#.#<# #.###..o........#.
#.#[# #.....##.o......##
#.#.# #......#).........
#.#.###..{...#..........
#.#...'@.....#..........
#.#####......#.......... #.#
#....(.#.######+## #.#
#......#.# #.# #......# #.#
#......# ###'######'#...#
#......# #.#.###
#....†.###.#.#


You could see 2 orcs.

Vanquished Creatures
  2 ogres (D:4)
  2 orc priests
  A jelly (D:3)
  An orc wizard (D:4)
  3 adders (D:3)
  An ooze (D:3)
  2 worms
  5 dart slugs
  A leopard gecko (D:1)
  10 orcs
  3 giant cockroaches
  5 goblins
  5 hobgoblins
  4 jackals (D:4)
  9 kobolds
  A ball python (D:1)
  6 bats
  4 frilled lizards
  3 rats (D:1)
68 creatures vanquished.

Notes
Turn   | Place    | Note
-------+----------+-------------------------------------------
     0 | D:1      | Hasart the Kobold Wizard began the quest for the Orb.
     0 | D:1      | Reached XP level 1. HP: 10/10 MP: 4/4
   253 | D:1      | Reached XP level 2. HP: 15/15 MP: 6/6
   267 | D:1      | Learned a level 2 spell: Blink
   270 | D:1      | Learned a level 2 spell: Call Imp
   703 | D:1      | Reached XP level 3. HP: 19/19 MP: 8/8
   903 | D:1      | Learned a level 3 spell: Mephitic Cloud
  1967 | D:2      | Found a shattered altar of Ashenzari.
  1978 | D:2      | Became a worshipper of Ashenzari the Shackled
  2268 | D:3      | Reached XP level 4. HP: 23/24 MP: 9/9
  2349 | D:3      | Reached XP level 5. HP: 26/28 MP: 10/10
  3499 | D:4      | Noticed an ogre
  3510 | D:4      | Killed an ogre
  3510 | D:4      | Reached XP level 6. HP: 32/32 MP: 9/12
  4152 | D:4      | Noticed an ogre
  4160 | D:4      | Killed an ogre
  4160 | D:4      | Reached XP level 7. HP: 12/36 MP: 12/14
  4162 | D:4      | Identified the ring "Dotuedoh" {rElec rF+ Int+2 Dex+4} (You took it off an orc on level 4 of the Dungeon)
  4172 | D:4      | HP: 1/36 [orc/tomahawk of returning (3)]
  4205 | D:4      | Killed from afar by an orc wizard

Vault maps used:
D:1:      shiori_arrival_elements
D:2:      old_standard_altar, first_bread
D:4:      okawaru_ov_weapons_minmay, serial_shops, nicolae_shop_trees

Skill      XL: |  1  2  3  4  5  6 |
---------------+-------------------+-----
Conjurations   | 2 3 |  3.6
Summonings     | 2 3 4 |  4.5
Spellcasting   | 4 |  4.7
Dodging        | |  2.4
Stealth        | |  2.6
Translocations | |  1.0

Action                   |  1- 3 |  4- 6 |  7- 9 || total
-------------------------+-------+-------+-------++-------
Melee: Hand axe          |     8 |       |       ||     8
       Dagger            |    23 |    55 |     8 ||    86
 Cast: Magic Dart        |    61 |    79 |     3 ||   143
       Mephitic Cloud    |       |     7 |     1 ||     8
Invok: Curse Item        |     1 |       |       ||     1
  Use: Potion            |       |       |     2 ||     2
 Stab: Sleeping          |     2 |     4 |       ||     6
       Confused          |       |     2 |       ||     2
  Eat: Chunk             |    10 |     8 |       ||    18
Armor: Robe              |     9 |     8 |     2 ||    19
Dodge: Dodged            |    48 |    40 |    20 ||   108

Table legend:
 A = Spawn XP
 B = Non-spawn XP
 C = Spawn XP percentage of total XP
 D = Spawn monster count
 E = Non-spawn monster count
 F = Spawn count percentage of total count
 G = Total turns spent on level
                    A         B        C        D         E        F      G
               +---------+---------+-------+---------+---------+-------+---------
         Total |       0 |     565 |   0.0 |       0 |      68 |   0.0 |  4205
               +---------+---------+-------+---------+---------+-------+---------
           D:1 |       0 |      42 |   0.0 |       0 |      24 |   0.0 |  1403
           D:2 |       0 |      13 |   0.0 |       0 |       5 |   0.0 |   787
           D:3 |       0 |     167 |   0.0 |       0 |      22 |   0.0 |  1224
           D:4 |       0 |     343 |   0.0 |       0 |      17 |   0.0 |   791
               +---------+---------+-------+---------+---------+-------+---------
